 Dungeon Crawl Stone Soup version 0.30-a0-51-g784eafce7f (webtiles) character file.

Game seed: 316835256027808503

28810 pokeman the Eclecticist (level 13, -1/68 HPs)
             Began as a Deep Elf Hedge Wizard on Sept 5, 2022.
             Was an Elder of Vehumet.
             Killed by divine providence
             ... invoked by a meliai
              (15 damage)
             ... on level 14 of the Dungeon.
             The game lasted 00:56:55 (18545 turns).

pokeman the Eclecticist (Deep Elf Hedge Wizard)    Turns: 18545, Time: 00:56:56

Health: -1/68      AC: 13    Str:  7    XL:     13   Next: 11%
Magic:  12/37      EV: 12    Int: 30    God:    Vehumet [****..]
Gold:   748        SH:  5    Dex: 11    Spells: 26/48 levels left

rFire   + . .      SeeInvis +    e - +10 dagger "Luarcha" {flame, rN++ Dex-3}
rCold   + . .      Faith    .    y - +0 buckler
rNeg    + + .      Spirit   .    N - +0 steam dragon scales
rPois   .          Reflect  .    z - +0 helmet {SInv}
rElec   .          Harm     .    U - +0 cloak
rCorr   .          Rampage  .    b - +0 pair of gloves
Will    ++...                    (no boots)
Stlth   ++........               (no amulet)
HPRegen 0.21/turn                k - ring of protection from fire
MPRegen 0.25/turn                Z - ring of Suspected Treachery {rC+ Will+ AC+4 Int+5}

@: no status effects
A: no striking features
a: Renounce Religion


You were on level 14 of the Dungeon.
You worshipped Vehumet.
Vehumet was greatly pleased with you.
You visited 2 branches of the dungeon, and saw 15 of its levels.
You also visited: Gauntlet.

You collected 748 gold pieces.

Inventory:

Hand Weapons
 e - the +10 dagger "Luarcha" (weapon) {flame, rN++ Dex-3}
   (You found it on level 13 of the Dungeon)

   It burns those it strikes, dealing additional fire damage.
   Dex:       It affects your dexterity (-3).
   rN:        It greatly protects you from negative energy.
 D - the +5 dagger of Vaickele {flame, Will+++ Dex-4 SInv}
   (You found it on level 5 of the Dungeon)

   It burns those it strikes, dealing additional fire damage.
   Dex:       It affects your dexterity (-4).
   SInv:      It lets you see invisible.
   Will:      It greatly increases your willpower.
Armour
 b - a +0 pair of gloves (worn)
 y - a +0 buckler (worn)
 z - a +0 helmet of see invisible (worn)
 N - +0 steam dragon scales (worn)
 R - a +2 robe of fire resistance
 U - a +0 cloak (worn)
Jewellery
 k - a ring of protection from fire (left hand)
 M - a ring of ice
 X - the ring "Osemesel" {Contam rCorr Str+2 Int+6}
   (You found it in a Gauntlet)

   [ring of intelligence]

   Str:       It affects your strength (+2).
   Int:       It affects your intelligence (+6).
   Contam:    It causes magical contamination when unequipped.
   rCorr:     It protects you from acid and corrosion.
 Z - the ring of Suspected Treachery (right hand) {rC+ Will+ AC+4 Int+5}
   (You found it in a Gauntlet)

   [ring of protection]

   AC:        It affects your AC (+4).
   Int:       It affects your intelligence (+5).
   rC:        It protects you from cold.
   Will:      It increases your willpower.
Wands
 K - a wand of light (8)
 T - a wand of digging (6)
Scrolls
 g - 9 scrolls of teleportation
 n - a scroll of magic mapping
 t - 2 scrolls of enchant weapon {unknown}
 A - 6 scrolls of immolation {unknown}
 F - 4 scrolls of amnesia {unknown}
 L - 4 scrolls of fear {unknown}
 S - a scroll of butterflies {unknown}
Potions
 a - 3 potions of brilliance
 c - 2 potions of heal wounds
 d - 3 potions of magic
 f - a potion of might
 o - 12 potions of curing
 r - a potion of invisibility
 x - 4 potions of mutation {unknown}
 B - 2 potions of haste {unknown}
 C - 3 potions of lignification {unknown}
 E - 2 potions of degeneration {unknown}
 G - 3 potions of cancellation {unknown}
 J - a potion of attraction {unknown}
Miscellaneous
 s - a lightning rod (4/4)
 u - a tin of tremorstones (2/2)


   Skills:
 - Level 3.0 Fighting
 + Level 4.3 Armour
 - Level 3.0 Dodging
 - Level 3.1 Stealth
 - Level 5.6 Shields
 * Level 18.2 Spellcasting
 + Level 11.7 Conjurations
 - Level 1.1 Summonings
 - Level 1.1 Translocations
 - Level 1.0 Transmutations
 - Level 7.0 Fire Magic
 - Level 1.0 Ice Magic
 - Level 1.3 Air Magic
 + Level 7.7 Earth Magic
 - Level 1.2 Poison Magic
 - Level 1.1 Evocations


You had 26 spell levels left.
You knew the following spells:

 Your Spells              Type           Power      Damage    Failure   Level
a - Magic Dart            Conj           100%       1d8       0%          1
b - Mephitic Cloud        Conj/Pois/Air  54%        N/A       1%          3
c - Call Imp              Summ           34%        N/A       1%          2
d - Blink                 Tloc           68%        N/A       1%          2
e - Conjure Flame         Conj/Fire      71%        6-21      1%          3
f - Foxfire               Conj/Fire      100%       2x1d9     1%          1
g - Stone Arrow           Conj/Erth      100%       3d13      1%          3
h - Freezing Cloud        Conj/Ice/Air   26%        6-21      2%          5
i - Wereblood             Tmut           33%        N/A       1%          2

Your spell library contained the following spells:

 Spells                   Type           Power      Damage    Failure   Level
 Olgreb's Toxic Radiance  Pois           34%        N/A       3%          4
 Beastly Appendage        Tmut           66%        N/A       1%          1
 Sandblast                Erth           100%       2d20      1%          1
 Slow                     Hex            100%       N/A       1%          1
 Sublimation of Blood     Necr           27%        N/A       3%          2
 Animate Armour           Summ/Erth      100%       N/A       3%          4
 Lehudib's Crystal Spear  Conj/Erth      36%        10d9      50%         8
 Simulacrum               Ice/Necr       15%        N/A       93%         6
 Summon Hydra             Summ           17%        N/A       100%        7
 Polar Vortex             Ice            16%        N/A       100%        9


Dungeon Overview and Level Annotations

Branches:
Dungeon (14/15)            Temple (1/1) D:5            Lair (0/5) D:9
    Orc (0/2) D:11        Gauntlet (visited)
 Vaults: D:13-14

Altars:
Ashenzari
Cheibriados
Dithmenos
Elyvilon
Fedhas
Gozag
Kikubaaqudgha
Makhleb
Okawaru
Qazlal
Ru
Sif Muna
Trog
Uskayaw
Vehumet
Xom
Yredelemnul
Zin
The Shining One

Shops:
D:8 (   D:13 *(*[

Portals:
Trove: D:11 (give +6 demon blade)


Message History

The stone arrow hits the meliai!
The meliai is heavily wounded.
The brown ugly thing gurgles horribly!
The meliai shoots an arrow.
You block the arrow.
A cyclops comes into view.
The red ugly thing is engulfed in freezing vapours.
You kill the red ugly thing!
Vehumet accepts your kill.
The meliai invokes the aid of its god against you.
Something smites you!
The red ugly thing is engulfed in freezing vapours.
The brown ugly thing is engulfed in freezing vapours. x2
Casting: Stone Arrow (safe; 1% risk of failure)
Confirm with . or Enter, or press ? or * to list all spells.
Aiming: Stone Arrow (safe; 1% risk of failure)
Press: ? - help, Shift-Dir - straight line, f/p - meliai
Aim: a meliai, wielding a +0 war axe and wearing a +0 leather armour (heavily wounded, 66% to hit)
The stone arrow misses the meliai.
The meliai shoots an arrow.
The arrow hits you!
The brown ugly thing is engulfed in freezing vapours. x2
The red ugly thing is engulfed in freezing vapours.
The brown ugly thing is engulfed in freezing vapours.
The meliai hits you with a +0 war axe! You block the meliai's attack.
Casting: Stone Arrow (safe; 1% risk of failure)
Confirm with . or Enter, or press ? or * to list all spells.
Okay, then.
Unknown command.
Unknown command.
The meliai barely misses you. The meliai closely misses you.
The meliai shoots an arrow.
The arrow barely misses you.
The brown ugly thing is engulfed in freezing vapours. x2
The meliai hits you but does no damage. You block the meliai's attack.
Unknown command.
The brown ugly thing is engulfed in freezing vapours. x2
The meliai hits you with a +0 war axe!
* * * LOW HITPOINT WARNING * * *
The meliai stings you but does no damage.
The meliai invokes the aid of its god against you.
Something smites you!
You die...

.. #.....# #.##.....#
#.....§§§# # #..Cy.§§# ##
#######....§§§# ##.
../...#.......# ##..
..............# ##...
........y@....## #....
.......uu##....#######....
.....§§§.#####....##...>..
.....§§§u.# ####......†..
...§☼.§§§.# ###.......
...°°§....# #.......
...§.§§§..# #.......
.....§§§..# ##......
.........## #......


You could see 3 ugly things, a cyclops and 2 meliai.

Vanquished Creatures
  Azrael (D:13)
  A minotaur (Gauntlet)
  A hydra (D:13)
  Erolcha (D:11)
  2 boulder beetles (D:13)
  A centaur warrior (D:14)
  3 two-headed ogres
  A tengu warrior (D:14)
  2 glowing orange brains (Gauntlet)
  A deep elf pyromancer (D:12)
  10 ugly things
  A cyclops (D:11)
  A salamander (shapeshifter) (D:13)
  A manticore (D:12)
  Maurice (D:11)
  A gargoyle (D:13)
  Maggie (D:7)
  2 kobold demonologists
  5 trolls
  A meliai (D:14)
  17 slime creatures
  Sigmund (D:3)
  A vampire (D:13)
  A wyvern (D:9)
  2 shadows
  A wraith (D:10)
  2 fire elementals (D:13)
  14 yaks
  2 steam dragons (D:8)
  3 vampire mosquitoes
  Edmund (D:5)
  2 wargs (D:9)
  3 water moccasins
  2 hell hounds (D:13)
  6 orc warriors
  A black bear (D:5)
  6 centaurs
  8 kobold brigands
  A phantom (D:6)
  5 bullfrogs
  2 necrophages (D:6)
  4 scorpions
  3 wights (D:8)
  The ghost of booger886876867 the Chopper, a weakling NaBe of Trog (D:3)
  12 killer bees
  7 howler monkeys
  3 quasits (D:3)
  9 orc priests
  A jelly (D:6)
  A hound (D:4)
  A gnoll bouda (D:6)
  3 iguanas
  23 orc wizards
  9 adders
  8 gnolls
  2 shadow imps (D:9)
  A white imp (D:5)
  2 ufetubi
  3 dart slugs
  A worm (D:2)
  47 orcs
  3 bats
  4 endoplasms
  4 giant cockroaches
  8 goblins
  7 hobgoblins
  31 kobolds
  4 quokkas
  8 ball pythons
  A frilled lizard (D:1)
  13 kobold skeletons (D:9)
  5 kobold zombies (D:9)
  4 rats
  A spectral hobgoblin (D:3)
353 creatures vanquished.

Vanquished Creatures (collateral kills)
  An orc (D:5)
1 creature vanquished.

Vanquished Creatures (others)
  A golden eye (shapeshifter) (D:14)
  481 foxfires
  5 fungi (Gauntlet)
  11 plants
498 creatures vanquished.

Grand Total: 852 creatures vanquished

Notes
Turn   | Place    | Note
-------+----------+-------------------------------------------
     0 | D:1      | pokeman the Deep Elf Hedge Wizard began the quest for the
                  | Orb.
     0 | D:1      | Reached XP level 1. HP: 10/10 MP: 7/7
   235 | D:1      | Reached XP level 2. HP: 16/16 MP: 5/9
   443 | D:1      | Reached skill level 5 in Spellcasting
   457 | D:1      | Reached XP level 3. HP: 3/20 MP: 0/11
   461 | D:1      | Learned a level 3 spell: Mephitic Cloud
   464 | D:1      | Learned a level 2 spell: Call Imp
   467 | D:1      | Learned a level 2 spell: Blink
   471 | D:1      | Learned a level 3 spell: Conjure Flame
  1797 | D:2      | Reached skill level 1 in Fighting
  1797 | D:2      | Reached skill level 1 in Armour
  2146 | D:2      | Reached XP level 4. HP: 23/25 MP: 5/13
  2350 | D:3      | Found a faded altar of an unknown god.
  2412 | D:3      | Noticed Sigmund
  2780 | D:3      | Found a transporter.
  3078 | D:3      | Noticed booger886876867's ghost (weakling NaBe)
  3090 | D:3      | Found a transporter.
  3136 | D:3      | HP: 1/25 [gnoll/+0 whip (8)]
  3138 | D:3      | Reached skill level 6 in Spellcasting
  3189 | D:3      | Reached XP level 5. HP: 6/29 MP: 6/15
  3516 | D:3      | Killed Sigmund
  3517 | D:3      | Reached XP level 6. HP: 32/34 MP: 5/17
  4226 | D:4      | Reached skill level 5 in Conjurations
  4761 | D:4      | Noticed an orc warrior
  4778 | D:4      | Killed an orc warrior
  4779 | D:4      | Reached skill level 1 in Fire Magic
  4779 | D:4      | Reached skill level 1 in Air Magic
  4810 | D:4      | Found a bloodstained altar of Trog.
  4821 | D:4      | Found a shimmering blue altar of Sif Muna.
  4835 | D:4      | Reached XP level 7. HP: 16/38 MP: 14/19
  5022 | D:4      | Got Sif Muna's Disquisition on the Unstable Ground
  5061 | D:4      | Reached skill level 7 in Spellcasting
  5602 | D:5      | Entered Level 5 of the Dungeon
  5686 | D:5      | Reached skill level 1 in Poison Magic
  5686 | D:5      | Reached skill level 1 in Evocations
  5779 | D:5      | Identified the +5 dagger of Vaickele {flame, Will+++ Dex-4
                  | SInv}
  6049 | D:5      | Reached skill level 1 in Shields
  6049 | D:5      | Reached skill level 8 in Spellcasting
  6131 | D:5      | Found a staircase to the Ecumenical Temple.
  6134 | D:5      | Noticed Edmund
  6139 | Temple   | Entered the Ecumenical Temple
  6143 | Temple   | Became a worshipper of Vehumet
  6185 | D:5      | Reached XP level 8. HP: 43/43 MP: 19/22
  6435 | D:5      | Killed Edmund
  6964 | D:6      | Reached skill level 9 in Spellcasting
  8106 | D:7      | Found a hide-covered altar of Uskayaw.
  8227 | D:7      | Reached skill level 10 in Spellcasting
  8284 | D:7      | Reached XP level 9. HP: 40/47 MP: 5/25
  8454 | D:7      | Reached * piety under Vehumet
  8454 | D:7      | Offered knowledge of Foxfire by Vehumet.
  8457 | D:7      | Learned a level 1 spell: Foxfire
  8765 | D:7      | Noticed Maggie
  8776 | D:7      | Killed Maggie
  9062 | D:8      | Found Ycuc's Weapon Shop.
  9313 | D:8      | Reached skill level 11 in Spellcasting
  9355 | D:8      | Reached skill level 5 in Fire Magic
  9439 | D:8      | Learned a level 5 spell: Freezing Cloud
  9547 | D:8      | Reached skill level 1 in Ice Magic
  9597 | D:8      | Reached skill level 12 in Spellcasting
  9826 | D:8      | Reached XP level 10. HP: 56/56 MP: 16/28
  9832 | D:8      | Offered knowledge of Poisonous Vapours by Vehumet.
 10048 | D:8      | Found a sacrificial altar of Ru.
 10220 | D:8      | Reached ** piety under Vehumet
 10536 | D:9      | Offered knowledge of Ignite Poison by Vehumet.
 10652 | D:9      | Reached *** piety under Vehumet
 10659 | D:9      | Reached skill level 13 in Spellcasting
 10950 | D:9      | Found a stormy altar of Qazlal.
 10953 | D:9      | Found an iron altar of Okawaru.
 10956 | D:9      | Found a basalt altar of Yredelemnul.
 10967 | D:9      | Found a burning altar of Makhleb.
 10997 | D:9      | Found a glowing golden altar of the Shining One.
 11040 | D:9      | Learned a level 3 spell: Stone Arrow
 11060 | D:9      | Offered knowledge of Inner Flame by Vehumet.
 11113 | D:9      | HP: 1/56 [orc warrior/+2 scimitar of pain (2)]
 11118 | D:9      | Reached skill level 1 in Earth Magic
 11428 | D:9      | Found a staircase to the Lair.
 11621 | D:9      | Found a white marble altar of Elyvilon.
 11798 | D:9      | Found an ancient bone altar of Kikubaaqudgha.
 12118 | D:10     | Entered Level 10 of the Dungeon
 12275 | D:3      | Killed booger886876867's ghost
 12717 | D:10     | Reached skill level 14 in Spellcasting
 12727 | D:10     | Reached **** piety under Vehumet
 12850 | D:10     | Learned a level 2 spell: Wereblood
 12927 | D:10     | Reached XP level 11. HP: 58/60 MP: 25/31
 13248 | D:11     | Offered knowledge of Iskenderun's Battlesphere by Vehumet.
 13255 | D:11     | Reached skill level 1 in Transmutations
 13524 | D:11     | Found a portal to a secret trove of treasure.
 13701 | D:11     | Noticed a two-headed ogre
 13721 | D:11     | Killed a two-headed ogre
 13767 | D:11     | Noticed Erolcha
 13775 | D:11     | Killed Erolcha
 13992 | D:11     | You fall into a shaft and drop 1 floor!
 14254 | D:12     | HP: 2/60 [enormous slime creature (10)]
 14257 | D:12     | Reached skill level 15 in Spellcasting
 14261 | D:12     | HP: 2/60 [large slime creature (2)]
 14727 | D:12     | Noticed a two-headed ogre
 14735 | D:12     | Killed a two-headed ogre
 14736 | D:12     | Reached skill level 10 in Conjurations
 15053 | D:11     | Noticed Maurice
 15058 | D:11     | Killed Maurice
 15164 | D:11     | Found a staircase to the Orcish Mines.
 15551 | D:12     | Identified the +1 robe of the Great Game {rPois rC- Will+
                  | Str+10 Dex-5}
 15560 | D:12     | Noticed a deep elf pyromancer
 15566 | D:12     | Killed a deep elf pyromancer
 15567 | D:12     | Reached skill level 5 in Earth Magic
 15693 | D:13     | Noticed Azrael
 15693 | D:13     | Found Sueqotzo's Assorted Antiques.
 15751 | D:13     | Found Rathaw's Assorted Antiques.
 15765 | D:13     | Found Zemel's Weapon Shoppe.
 15765 | D:13     | Noticed a boulder beetle
 15778 | D:13     | Found a gate leading to a gauntlet.
 15789 | Gauntlet | Entered a Gauntlet
 15789 | Gauntlet | Noticed a soul eater
 15789 | Gauntlet | Noticed a red ugly thing
 15789 | Gauntlet | Noticed a glowing orange brain
 15789 | Gauntlet | Found a large runed translucent door.
 15789 | Gauntlet | Found a large runed translucent door.
 15789 | Gauntlet | Found a large runed translucent door.
 15789 | Gauntlet | Found a large runed translucent door.
 15789 | Gauntlet | Found a large runed translucent door.
 15789 | Gauntlet | Found a large runed translucent door.
 15789 | Gauntlet | Found a large runed translucent door.
 15789 | Gauntlet | Found a large runed translucent door.
 15789 | Gauntlet | Found a runed translucent door.
 15789 | Gauntlet | Found a runed translucent gate.
 15789 | Gauntlet | Found a transporter.
 15789 | Gauntlet | Found a transporter.
 15789 | Gauntlet | Found a runed translucent gate.
 15789 | Gauntlet | Found a transporter.
 15790 | Gauntlet | Found a runed translucent door.
 15790 | Gauntlet | Found a runed translucent gate.
 15792 | Gauntlet | Noticed a red ugly thing
 15793 | Gauntlet | Found a transporter.
 15797 | Gauntlet | Noticed a glowing orange brain
 15798 | Gauntlet | Found a large runed translucent door.
 15798 | Gauntlet | Found a large runed translucent door.
 15799 | Gauntlet | Found a large runed translucent door.
 15800 | Gauntlet | Found a large runed translucent door.
 15805 | Gauntlet | Found a transporter.
 15812 | Gauntlet | Found a transporter.
 15814 | Gauntlet | Noticed a fire crab
 15819 | Gauntlet | Found a transporter.
 15826 | Gauntlet | Found a transporter.
 15849 | Gauntlet | Noticed a large abomination
 15858 | Gauntlet | Found a transporter.
 15891 | Gauntlet | Found a large runed translucent door.
 15891 | Gauntlet | Found a large runed translucent door.
 15892 | Gauntlet | Found a large runed translucent door.
 15893 | Gauntlet | Found a large runed translucent door.
 15937 | Gauntlet | Found a transporter.
 15968 | Gauntlet | Found a transporter.
 15979 | Gauntlet | Found a transporter.
 16048 | Gauntlet | Killed a green ugly thing
 16049 | Gauntlet | Reached skill level 16 in Spellcasting
 16049 | Gauntlet | Killed a glowing orange brain
 16050 | Gauntlet | Killed a green ugly thing
 16051 | Gauntlet | Reached skill level 5 in Shields
 16051 | Gauntlet | Reached XP level 12. HP: 15/64 MP: 11/34
 16282 | Gauntlet | Identified the ring "Osemesel" {Contam rCorr Str+2 Int+6}
 16287 | Gauntlet | Identified the +0 great sword "Imma" {venom, rF+}
 16312 | Gauntlet | Identified the ring of Suspected Treachery {rC+ Will+ AC+4
                  | Int+5}
 16391 | Gauntlet | Noticed a minotaur
 16527 | Gauntlet | Killed a minotaur
 16691 | D:13     | Noticed a boulder beetle
 16703 | D:13     | Killed Azrael
 16862 | D:13     | Noticed a six-headed hydra
 16862 | D:13     | Noticed a two-headed ogre
 16934 | D:13     | Reached ***** piety under Vehumet
 16934 | D:13     | Offered knowledge of Olgreb's Toxic Radiance by Vehumet.
 17024 | D:13     | Killed a six-headed hydra
 17179 | D:13     | Killed a boulder beetle
 17180 | D:13     | Reached skill level 17 in Spellcasting
 17263 | D:13     | Killed a boulder beetle
 17515 | D:13     | Found Hedicwao's Antique Armour Shop.
 17636 | D:13     | Killed a two-headed ogre
 17938 | D:13     | Identified the +10 dagger "Luarcha" {flame, rN++ Dex-3}
 18160 | D:14     | Noticed a centaur warrior
 18170 | D:14     | Killed a centaur warrior
 18427 | D:14     | Reached skill level 18 in Spellcasting
 18427 | D:14     | Reached XP level 13. HP: 50/68 MP: 26/37
 18545 | D:14     | Killed from afar by a meliai

Illustrated notes

Levels and vault maps discovered:
D:1:      wheals_arrival_linesprint, layout_basic,
          chequers_serial_rivers_large_a, hex_intersection
D:2:      layout_loops_ring, dk_noncrumbling_4
D:3:      layout_loops_ring, gammafunk_ghost_stat_death,
          dreamdust_ecumenical_altar_drowned_temple, uniq_sigmund
D:4:      layout_loops_corners, nzn_overflow_gifts_of_might_and_magic
D:5:      layout_loops_ring, minmay_temple_entry_overgrown, uniq_edmund
D:6:      layout_loops_ring
D:7:      layout_loops_ring, nicolae_uskayaw_suspiria, uniq_maggie
D:8:      layout_loops_cross, nicolae_ru_path_of_blood, serial_shops, shop,
          hangedman_abyss_or_decor_clamps
D:9:      wander_kiku_kobolds, layout_loops_ring,
          grunt_temple_overflow_cloverleaf, amcnicky_altar_gilded,
          elyvilon_altar_5, erik_lair_orcish_takeover
D:10:     layout_rooms, hex_large
D:11:     layout_basic, orc_0_dummy, enter_trove_1, uniq_maurice, uniq_erolcha
D:12:     layout_loops_ring
D:13:     layout_cave_pools, gauntlet_entry_generic, serial_shops, shop,
          kennysheep_little_box, nicolae_shop_bloodbath_and_beyond,
          nicolae_shop_trees, uniq_azrael
D:14:     layout_cave_pods, grunt_vaults_entry_fortified, reono_crystal_passage
Temple:   nicolae_temple_x_marks_the_god

Skill      XL: |  1  2  3  4  5  6  7  8  9 10 11 12 |
---------------+-------------------------------------+-----
Spellcasting   | 5 6 8 10 12 14 16 18 | 18.2
Fighting       | 1 3 |  3.0
Armour         | 1 2 3 4 |  4.3
Conjurations   | 2 4 5 6 8 9 10 11 | 11.7
Stealth        | 3 |  3.1
Dodging        | 3 |  3.0
Fire Magic     | 1 2 4 5 7 |  7.0
Air Magic      | 1 |  1.3
Poison Magic   | 1 |  1.2
Evocations     | 1 |  1.1
Shields        | 1 2 3 5 |  5.6
Ice Magic      | 1 |  1.0
Earth Magic    | 2 5 7 |  7.7
Transmutations | 1 |  1.0
Summonings     | |  1.1
Translocations | |  1.1

Action                   |  1- 3 |  4- 6 |  7- 9 | 10-12 | 13-15 || total
-------------------------+-------+-------+-------+-------+-------++-------
Melee: Dagger            |    15 |       |    91 |    70 |     1 ||   177
       Hand axe          |     1 |    13 |       |       |       ||    14
       Halberd           |       |    17 |       |       |       ||    17
       Short sword       |       |    12 |    17 |       |       ||    29
       Punch             |       |       |     3 |       |       ||     3
 Cast: Magic Dart        |    94 |    83 |   119 |    11 |       ||   307
       Mephitic Cloud    |       |    11 |    26 |    33 |       ||    70
       Conjure Flame     |       |     5 |     8 |    32 |       ||    45
       Blink             |       |     1 |     1 |     3 |       ||     5
       Call Imp          |       |       |     3 |     3 |       ||     6
       Foxfire           |       |       |    85 |   181 |       ||   266
       Stone Arrow       |       |       |       |   120 |     6 ||   126
       Freezing Cloud    |       |       |       |    32 |     4 ||    36
Evoke: Wand              |       |       |       |     5 |       ||     5
  Use: Scroll            |       |       |       |    14 |       ||    14
       Potion            |       |       |       |     3 |       ||     3
 Stab: Sleeping          |     1 |     1 |     1 |       |       ||     3
       Confused          |       |     3 |     4 |     4 |       ||    11
Armor: Robe              |     2 |       |       |       |       ||     2
       Leather armour    |     2 |    18 |    30 |       |       ||    50
       Steam dragon scal |       |       |    14 |    28 |     2 ||    44
Dodge: Dodged            |    23 |    16 |    49 |    56 |     3 ||   147
Block: Buckler           |       |       |       |     3 |     4 ||     7

Table legend: (Time is in decaauts)
 A = Elapsed time spent in this place.
 B = Non-inter-level travel time spent in this place.
 C = Inter-level travel time spent in this place.
 D = Time resting spent in this place.
 E = Time spent auto-exploring this place.
 F = Levels seen in this place.
 G = Mean time per level.
                   A        B        C        D        E       F      G
               +--------+--------+--------+--------+--------+-----+--------+
         Total |  18585 |  17576 |   1009 |   3228 |  11390 |  16 | 1161.6 |
       Dungeon |  17618 |  16613 |   1005 |   2753 |  11390 |  14 | 1258.4 |
        Temple |     68 |     65 |      3 |     28 |      0 |   1 |   68.0 |
      Gauntlet |    899 |    899 |      0 |    447 |      0 |   1 |  899.0 |
               +--------+--------+--------+--------+--------+-----+--------+

Top non-repeatable levels by time:
     D:4: 1729 daAuts
     D:9: 1642 daAuts
     D:3: 1639 daAuts
     D:8: 1631 daAuts
    D:12: 1616 daAuts
     D:1: 1509 daAuts
     D:7: 1225 daAuts
     D:6: 1164 daAuts
    D:11: 1162 daAuts
     D:5: 1162 daAuts
    D:13: 1065 daAuts
     D:2: 997 daAuts
Gauntlet: 899 daAuts
    D:10: 680 daAuts
    D:14: 390 daAuts
